Unix NetHack Version 3.7.0-59 Work-in-progress - last build May 23 2022 02:51:17 (ddf30d9136aadac28f3366ca30c6f791342be2c5,branch:master). Game began 2022-05-23 08:18:39, ended 2022-05-23 08:23:35. elenmirie, neutral female gnomish Healer G .... |<... |-... |.d.. |@d--- --------------.d... --..............---- ...-------------- ---- Elenmirie the Rhizotomist St:8 Dx:8 Co:14 In:11 Wi:18 Ch:17 Neutral Dlvl:4 $:1824 HP:0(18) Pw:6(6) AC:8 Xp:1/0 T:837 Latest messages: Yermak bites the giant rat. The giant rat bites Yermak. Yermak bites the giant rat. Yermak misses the giant rat. The giant rat bites! Yermak bites the giant rat. The giant rat is killed! You swap places with Yermak. You hear some noises. You swap places with Yermak. You see here a gray stone. In what direction? l You see here a gray stone. You see here a gray stone. You hear crashing rock. u - a gray stone. What do you want to rub? [u or ?*] u What do you want to rub on the stone? [$bdf-rtuxP or ?*] ? Never mind. You swap places with Yermak. You swap places with Yermak. You hear crashing rock. You hear crashing rock. You hear crashing rock. You stop searching. Yermak misses the coyote. Yermak bites the coyote. The coyote misses Yermak. The coyote bites! Yermak misses the coyote. The coyote bites! The coyote misses! Yermak misses the coyote. You hear crashing rock. The coyote bites! The coyote bites! Yermak bites the coyote. The coyote bites Yermak. You hear crashing rock. The coyote bites! The coyote bites! Yermak misses the coyote. The coyote misses! The coyote bites! You die... Do you want your possessions identified? [ynq] (y) y Do you want to see your attributes? [ynq] (y) y Do you want an account of creatures vanquished? [ynaq] (y) y Do you want to see your conduct and achievements? [ynq] (y) y Do you want to see the dungeon overview? [ynq] (y) y Major events: Turn 1: elenmirie the neutral female gnomish Healer entered the dungeon 731: entered the Gnomish Mines 837: killed by a coyote Inventory: Coins $ - 1824 gold pieces Armor b - an uncursed +1 pair of leather gloves (being worn) Comestibles k - 5 uncursed apples Scrolls l - a blessed scroll of create monster r - 2 cursed scrolls of identify q - an uncursed scroll of remove curse Spellbooks i - a blessed spellbook of extra healing h - a blessed spellbook of healing n - an uncursed spellbook of remove curse j - a blessed spellbook of stone to flesh Potions o - an uncursed potion of blindness f - 3 uncursed potions of extra healing d - 3 uncursed potions of healing t - an uncursed potion of monster detection Rings p - a cursed -3 ring of gain strength Wands g - an uncursed wand of sleep (0:7) Tools m - an uncursed leash P - an uncursed stethoscope x - an uncursed towel Gems/Stones u - a cursed touchstone Elenmirie the Healer's attributes: Background: You were a Rhizotomist, a level 1 female gnomish Healer. You were neutral, on a mission for Hermes who was opposed by Athena (lawful) and Poseidon (chaotic). You were in the Gnomish Mines, on level 4. You entered the dungeon 837 turns ago. You had 0 experience points, 20 were needed to attain level 2. Basics: You had 0 out of 18 hit points. You had all 6 energy points (spell power). Your armor class was 8. Your wallet contained 1824 zorkmids. Autopickup was on for '$' plus thrown. Final Characteristics: Your strength was 8 (limit:18/50). Your dexterity was 8 (limit:18). Your constitution was 14 (limit:18). Your intelligence was 11 (limit:19). Your wisdom was 18 (limit:18). Your charisma was 17 (limit:18). Final Status: You were not hungry. You were unencumbered. You were empty handed. You were unskilled in bare handed combat. Final Attributes: You were fervently aligned. You were poison resistant. You had infravision. You are dead. Miscellaneous: You never encountered a bones level. Total elapsed playing time was 4 minutes and 55 seconds. Vanquished creatures: 2 giant rats a gnome a jackal 2 goblins 3 sewer rats a lichen 6 newts 16 creatures vanquished. No species were genocided or became extinct. Voluntary challenges: You followed a strict vegan diet. You were an atheist. You were a pacifist. You were illiterate. You never engraved Elbereth. You never genocided any monsters. You never polymorphed an object. You never changed form. You used no wishes. Achievement: You entered the Gnomish Mines. The Dungeons of Doom: levels 1 to 3 Level 1: A fountain, a grave. Level 2: Level 3: A fountain. Stairs down to The Gnomish Mines. The Gnomish Mines: Level 4: <- You were here. Final resting place for you, killed by a coyote. Game over: ---------- / \ / REST \ / IN \ / PEACE \ / \ | elenmirie | | 1824 Au | | killed by a | | coyote | | | | | | 2022 | *| * * * | * _________)/\\_//(\/(/\)/\//\/|_)_______ Goodbye elenmirie the Healer... You died in The Gnomish Mines on dungeon level 4 with 174 points, and 1824 pieces of gold, after 837 moves. You were level 1 with a maximum of 18 hit points when you died.